 Dungeon Crawl Stone Soup version 0.23.2-40-g277498a001 (webtiles) character file.

Game seed: 15648239335950736878

212960 DildoBatman the Necromancer (level 19, 0/126 HPs)
             Began as a Formicid Wizard on Oct 20, 2019.
             Was an Initiate of Gozag.
             Slain by Donald
             ... wielding a +0 scimitar
              (40 damage)
             ... on level 3 of the Shoals.
             The game lasted 03:02:28 (35427 turns).

DildoBatman the Necromancer (Formicid Wizard)      Turns: 35427, Time: 03:02:29

Health: 0/126      AC: 27    Str: 12    XL:     19   Next: 66%
Magic:  7/35       EV:  9    Int: 26    God:    Gozag
Gold:   5605       SH:  0    Dex: 19    Spells: 24/50 levels left

rFire    + . .     SeeInvis +   a - +8 scythe of Duty {freeze, Dex+2}
rCold    . . .     Gourm    .   F - +0 large shield
rNeg     . . .     Faith    .   o - +4 troll leather armour
rPois    +         Spirit   .   (helmet unavailable)
rElec    .         Reflect  .   L - +5 cloak "Veptischo" {rPois Stlth+}
rCorr    .         Harm     .   O - +1 pair of gloves {Dex+3}
MR       +....                  j - +1 pair of boots {Fly}
Stlth    +++.......             g - amulet of the acrobat
HPRegen  0.00/turn              e - +3 ring of protection
MPRegen  0.24/turn              h - +5 ring of dexterity

@: gold aura, flying, held
A: permanent stasis, dig shafts and tunnels, four strong arms, antennae 3, icy
blue scales 2, fire resistance 1, frail 1, low mp 1, sense surroundings 1,
inhibited regeneration, wild magic 1, no potion heal 1
}: 1/15 runes: gossamer
a: Dig, Shaft Self, Potion Petition, Call Merchant, Bribe Branch, Renounce
Religion, Stop Flying


You were on level 3 of the Shoals.
You worshipped Gozag.
Gozag was greatly pleased with you.
You were very full.

You visited 6 branches of the dungeon, and saw 31 of its levels.
You also visited: Ossuary, Gauntlet, Ice Cave and Volcano.

You collected 10771 gold pieces.
You spent 1423 gold pieces at shops.
You paid 3743 gold pieces to Gozag.

Inventory:

Hand Weapons
 a - the +8 scythe of Duty (weapon) {freeze, Dex+2}
   (You found it on level 7 of the Dungeon)

   It has been specially enchanted to freeze those struck by it, causing extra
   injury to most foes and up to half again as much damage against particularly
   susceptible opponents.
   It can also slow down cold-blooded creatures.
   It affects your dexterity (+2).
 b - a +5 arbalest of flaming
 W - a +5 trident of freezing
Missiles
 l - 158 sling bullets
 H - 179 bolts
 J - 68 arrows
 M - 54 javelins
 N - 7 throwing nets
 R - 11 steel javelins
 S - 15 javelins of penetration
Armour
 j - a +1 pair of boots of flying (worn)
 o - a +4 troll leather armour (worn)
 F - a +0 large shield (worn)
 L - the +5 cloak "Veptischo" (worn) {rPois Stlth+}
   (You bought it in a shop on level 3 of the Spider Nest)

   It protects you from poison.
   It makes you more stealthy.
 O - a +1 pair of gloves of dexterity (worn)
 P - the +2 cloak of Monotheism {Dex+4 Slay+4}
   (You found it in a Gauntlet)

   It affects your dexterity (+4).
   It affects your accuracy and damage with ranged weapons and melee attacks
   (+4).
Magical Staves
 G - an uncursed staff of air
Jewellery
 e - a +3 ring of protection (left hand)
 g - an amulet of the acrobat (around neck)
 h - a +5 ring of dexterity (right hand)
 p - an uncursed ring of protection from cold
 D - an uncursed ring of protection from fire
 K - an uncursed ring of positive energy
 Y - an uncursed ring of magical power
Wands
 m - a wand of acid (37)
 B - a wand of disintegration (23)
 Q - a wand of paralysis (6)
 U - a wand of iceblast (22)
Scrolls
 k - 8 scrolls of immolation
 q - a scroll of vulnerability {unknown}
 r - 3 scrolls of fear
 s - a scroll of amnesia
 u - 5 scrolls of fog
 x - 9 scrolls of remove curse
 z - 15 scrolls of identify
 C - 4 scrolls of magic mapping
 E - 2 scrolls of summoning {unknown}
Potions
 c - 3 potions of cancellation
 d - 4 potions of agility
 f - a potion of resistance
 i - 7 potions of brilliance
 n - 6 potions of might
 w - a potion of invisibility
 A - 18 potions of curing
 T - 7 potions of ambrosia
 X - 3 potions of heal wounds
Miscellaneous
 t - a lightning rod (4/4)
 y - a fan of gales
 I - a lamp of fire
 V - a lamp of fire
Comestibles
 v - 26 rations


   Skills:
 - Level 10.0 Fighting
 - Level 10.0 Armour
 - Level 8.0 Dodging
 - Level 2.4 Stealth
 - Level 15.0 Shields
 - Level 16.0 Spellcasting
 - Level 6.2 Conjurations
 - Level 4.0 Charms
   Level 1.0 Summonings
 * Level 16.1 Necromancy
   Level 0.8 Translocations
 - Level 5.0 Fire Magic
 - Level 5.0 Air Magic
 - Level 12.0 Earth Magic


You had 24 spell levels left.
You knew the following spells:

 Your Spells              Type           Power        Failure   Level  Hunger
a - Conjure Flame         Conj/Fire      ######..     1%          3    None
b - Borgnjor's Vile Clut  Necr/Erth      #######...   1%          5    None
c - Bolt of Draining      Conj/Necr      #######...   1%          5    None
d - Regeneration          Chrm/Necr      #######...   1%          3    None
e - Mephitic Cloud        Conj/Pois/Air  ######..     3%          3    None
h - Dispel Undead         Necr           #######.     1%          5    None
z - Sublimation of Blood  Necr           #######...   1%          2    None

Your spell library contained the following spells:

 Spells                   Type           Power        Failure   Level  Hunger
 Magic Dart               Conj           ####         1%          1    None
 Pain                     Necr           ####         1%          1    None
 Sting                    Conj/Pois      ####         1%          1    None
 Corpse Rot               Necr           N/A          1%          2    None
 Animate Dead             Necr           N/A          1%          4    None
 Agony                    Necr           #######.     1%          5    None
 Death Channel            Necr           #######...   1%          6    ####...
 Excruciating Wounds      Chrm/Necr      #######...   2%          5    None
 Summon Small Mammal      Summ           ####         3%          1    None
 Poisonous Vapours        Pois/Air       #####.       3%          2    None
 Leda's Liquefaction      Hex/Erth       ######....   4%          4    None
 Beastly Appendage        Tmut           ####..       5%          1    None
 Corona                   Hex            ####...      5%          1    None
 Call Imp                 Summ           ####....     5%          2    None
 Inner Flame              Hex/Fire       #####...     5%          3    None
 Bolt of Magma            Conj/Fire/Erth ######....   6%          5    None
 Slow                     Hex            ####....     8%          2    None
 Sticks to Snakes         Tmut           ####....     8%          2    None
 Call Canine Familiar     Summ           ####....     10%         3    None
 Portal Projectile        Hex/Tloc       ####..       12%         3    None
 Summon Guardian Golem    Hex/Summ       ####....     12%         3    None
 Spider Form              Tmut/Pois      ####......   13%         3    None
 Summon Lightning Spire   Summ/Air       #####...     13%         4    None
 Iron Shot                Conj/Erth      ######....   16%         6    ####...
 Simulacrum               Ice/Necr       ######....   24%         6    ####...
 Passage of Golubria      Tloc           N/A          30%         4    None
 Summon Ice Beast         Ice/Summ       ####....     32%         4    None
 Venom Bolt               Conj/Pois      #####.....   32%         5    None
 Borgnjor's Revivificati  Necr           #######...   34%         8    #######
 Infestation              Necr           #######...   34%         8    #######
 Cause Fear               Hex            ####......   38%         4    None
 Ice Form                 Ice/Tmut       ####....     38%         4    None
 Olgreb's Toxic Radiance  Pois           ####....     38%         4    None
 Silence                  Hex/Air        #####.....   38%         5    None
 Statue Form              Tmut/Erth      ######...    45%         6    ####...
 Conjure Ball Lightning   Conj/Air       ######....   52%         6    ####...
 Deflect Missiles         Chrm/Air       ######....   67%         6    ####...
 Haunt                    Necr/Summ      ######....   67%         7    #####..
 Alistair's Intoxication  Tmut/Pois      ####....     71%         5    None
 Blade Hands              Tmut           ####......   71%         5    None
 Death's Door             Chrm/Necr      #######...   98%         8    #######
 Malign Gateway           Summ/Tloc      ####......   100%        7    #####..
 Monstrous Menagerie      Summ           ####......   100%        7    #####..
 Summon Greater Demon     Summ           ####......   100%        7    #####..
 Necromutation            Tmut/Necr      ######....   100%        8    #######
 Summon Horrible Things   Summ           ####......   100%        8    #######
 Shatter                  Erth           #######...   100%        9    #######
 Tornado                  Air            ######....   100%        9    #######
 Blink                    Tloc           Unusable     N/A         2    N/A

Dungeon Overview and Level Annotations

Branches:
Dungeon (15/15)            Temple (1/1) D:7            Lair (6/6) D:9
 Shoals (3/4) Lair:3       Spider (4/4) Lair:3        Slime (0/5) Lair:6
    Orc (2/2) D:10            Elf (0/3) Orc:2        Vaults (0/5) D:13
 Depths (0/5) D:15

Altars:
Ashenzari
Cheibriados
Dithmenos
Elyvilon
Fedhas
Gozag
Hepliaklqana
Kikubaaqudgha
Makhleb
Nemelex Xobeh
Okawaru
Qazlal
Ru
Sif Muna
Trog
Uskayaw
Vehumet
Wu Jian
Xom
Yredelemnul
Zin
The Shining One
Jiyva

Shops:
D:6 [   D:14 *   Orc:2 [:(*%:   Spider:3 [![*

Annotations:
Lair:6 1 runed translucent door, exclusion: acid blob
Shoals:3 Donald


Innate Abilities, Weirdness & Mutations

You cannot be hasted, slowed, berserked, paralysed or teleported.
You can dig through walls and to a lower floor.
Your four strong arms can wield two-handed weapons with a shield.
You have a pair of large antennae on your head. (SInv)
You are mostly covered in icy blue scales. (AC +3)
Your flesh is heat resistant. (rF+)
You are frail. (-10% HP)
Your magical capacity is low. (-10% MP)
You passively map a small area around you.
You do not regenerate when monsters are visible.
Your spells are a little harder to cast, but a little more powerful.
Potions are less effective at restoring your health.


Message History

The zombie hands constrict the merfolk!
Donald is engulfed in noxious fumes.
Donald hits you with a +0 scimitar!!
The merfolk hits you but does no damage.
You struggle against the net.
The zombie hands constrict Donald!
The zombie hands constrict the merfolk!
Donald is engulfed in noxious fumes.
Donald hits you with a +0 scimitar!
The merfolk hits you but does no damage.
Donald is engulfed in noxious fumes.
Donald completely misses you.
Your system partially rejects the healing.
You feel much better.
The zombie hands constrict Donald!
The zombie hands constrict the merfolk!!
Donald is engulfed in noxious fumes.
Donald hits you with a +0 scimitar!!!
You die...
Your body crumbles into a pile of gold.

.....≈≈≈≈≈≈≈≈≈≈≈≈≈≈≈≈.........
#.##..≈≈≈≈≈≈≈≈≈≈≈≈≈≈≈..#.....,
,
#####.≈≈≈≈≈≈≈≈≈≈≈≈≈≈...#.....
* ≈≈≈≈≈≈≈≈≈≈≈≈≈......## , ,
≈≈≈≈≈≈≈≈≈≈≈≈.......# ≈
≈≈≈≈≈≈≈≈≈≈≈≈.≈..... ,
≈≈≈≈≈≈≈≈≈≈%≈≈≈≈≈≈≈. , ≈ ,
≈≈≈.≈≈≈≈(≈≈≈....≈≈ #
≈≈≈≈≈≈☼≈@≈(.##... , .≈≈
≈.≈≈≈≈○@§≈.## .# , >
..#.≈≈☼§m≈.... ≈
..##.≈≈≈≈≈...... * ≈ ≈≈
...≈$≈$≈≈≈...≈ ≈
...≈≈≈≈≈≈≈≈≈..≈ .
.≈.≈≈≈≈≈≈≈≈≈≈≈≈ .
...≈≈≈≈≈≈≈≈≈≈≈≈ P. ≈ ≈


You could see Donald and a merfolk.

Vanquished Creatures
  An Ice Fiend (IceCv)
  Polyphemus (Shoals:2)
  Gastronok (Lair:1)
  A kraken (Shoals:1)
  Roxanne (D:14)
  Ilsuiw (Shoals:2)
  6 emperor scorpions (Spider:4)
  4 ghost moths
  The ghost of H0rd4k the Impaler, a journeyman HuAr of Gozag (Orc:1)
  An orc warlord (Orc:1)
  The ghost of Emblim88 the Grappler, a journeyman TrBe of Trog (Lair:5)
  6 entropy weavers
  A stone giant (D:10)
  A minotaur (Gauntlet)
  2 spark wasps
  5 merfolk javelineers
  2 merfolk impalers
  2 fire dragons
  The ghost of Sargh the Destroyer, a journeyman DEFE of Vehumet (Lair:3)
  Erolcha (D:11)
  7 hydras
  A vault guard (D:13)
  5 centaur warriors
  A catoblepas (Shoals:2)
  3 two-headed ogres
  Erica (D:8)
  2 ice dragons
  An anaconda (Lair:6)
  3 merfolk avatars
  3 merfolk aquamancers
  A satyr (Shoals:3)
  4 death yaks
  A queen ant (Lair:3)
  8 death scarabs (Spider:4)
  An orc high priest (Orc:2)
  Urug (Orc:2)
  Nergalle (Lair:4)
  A fire crab (shapeshifter) (D:15)
  A fire crab (Lair:6)
  3 sea snakes (Shoals:1)
  An unseen horror (D:15)
  6 wizards
  A deep elf archer (D:13)
  2 spectral wolf spiders (Spider:4)
  A necromancer (D:13)
  4 lindwurms
  2 deep elf magi
  13 orb spiders
  4 orc knights
  18 wolf spiders
  3 harpies (Shoals:1)
  4 fauns (Shoals:1)
  7 ugly things
  An oklob plant (Lair:4)
  A wolf spider zombie (D:14)
  5 manticores
  4 orc sorcerers
  2 cyclopes
  4 moths of wrath
  10 elephants
  Maurice (Orc:1)
  2 ice statues
  A toenail golem (Volcano)
  7 spiny frogs
  4 water nymphs
  6 black mambas
  8 torpor snails
  5 merfolk sirens
  3 molten gargoyles (Volcano)
  A gargoyle (D:13)
  A smoke demon (Gauntlet)
  2 rime drakes
  5 spectral redbacks (Spider:4)
  4 komodo dragons
  3 freezing wraiths (IceCv)
  10 demonic crawlers
  An anaconda simulacrum (IceCv)
  4 efreet
  2 redback zombies (Spider:4)
  4 hydra zombies
  26 merfolk
  7 trolls
  2 death yak skeletons
  5 ice devils (IceCv)
  A red devil (Gauntlet)
  3 tyrant leeches (Lair:6)
  9 polar bears (Lair:6)
  3 meliai (Lair:5)
  A merfolk (shapeshifter) (D:15)
  34 jumping spiders
  3 wind drakes
  3 spectral jumping spiders (Spider:4)
  2 spectral tarantellas (Spider:4)
  3 raiju (Lair:6)
  6 dream sheep
  7 slime creatures
  A hydra skeleton (Lair:2)
  2 snapping turtles (Shoals:1)
  12 hippogriffs
  21 hornets
  2 tarantella zombies (Spider:4)
  11 blink frogs
  A shadow (D:14)
  3 black mamba zombies
  97 redbacks
  15 spriggans (Lair:5)
  7 water elementals
  2 black mamba skeletons
  2 wyverns
  19 tarantellas
  4 wraiths
  45 yaks
  5 basilisks
  2 fire elementals (Volcano)
  3 dire elephant simulacra (IceCv)
  18 humans (D:13)
  A neqoxec (Gauntlet)
  Eustachio (D:4)
  4 vampire mosquitoes (D:15)
  4 hungry ghosts
  2 chaos spawn (Gauntlet)
  3 harpy simulacra (IceCv)
  8 wargs
  4 soldier ants (Lair:3)
  3 spiny frog zombies (Lair:3)
  2 iron troll simulacra (IceCv)
  6 hydra simulacra (IceCv)
  14 hell hounds (Lair:6)
  9 water moccasins
  7 porcupines
  3 spectral hornets (Spider:4)
  7 spiny frog skeletons
  2 eyes of draining
  2 hornet zombies (Spider:4)
  6 ice beasts
  22 orc warriors
  15 black bears
  2 alligator simulacra (IceCv)
  3 sky beasts
  A phantom (D:14)
  25 wolves
  A boggart (D:10)
  18 ogres
  A torpor snail zombie (Lair:5)
  22 centaurs
  3 blink frog skeletons
  10 crocodiles
  The ghost of kalagan the Digger, an amateur GrEE (D:3)
  4 big kobolds
  Blork the orc (D:3)
  2 komodo dragon zombies
  A hippogriff skeleton (Lair:2)
  16 bullfrogs
  2 earth elementals (Volcano)
  A wyvern zombie (D:10)
  3 komodo dragon skeletons
  7 scorpions
  2 wyvern skeletons
  4 water moccasin skeletons
  55 killer bees
  10 wights
  An electric eel (Lair:4)
  4 howler monkeys
  3 centaur zombies
  11 crimson imps
  2 bullfrog zombies
  7 quasits
  3 draconian simulacra (IceCv)
  11 hounds
  10 jellies
  A basilisk zombie (Lair:3)
  2 gnoll shamans (D:8)
  6 orc priests
  A basilisk skeleton (Lair:3)
  10 bullfrog skeletons
  5 centaur skeletons
  19 orc wizards
  7 iguanas
  Natasha (thrice) (D:3)
  22 worker ants
  2 polar bear simulacra (IceCv)
  2 porcupine zombies
  A spriggan simulacrum (IceCv)
  2 wolf simulacra (IceCv)
  A killer bee zombie (D:9)
  2 centaur simulacra (IceCv)
  2 crocodile skeletons
  A hound zombie (D:9)
  A mummy (D:5)
  A hound skeleton (D:8)
  A worker ant zombie (D:5)
  12 adders
  29 gnolls
  A naga simulacrum (IceCv)
  2 ogre simulacra (IceCv)
  4 shadow imps
  6 white imps
  2 ufetubi (IceCv)
  16 oozes
  2 adder skeletons
  5 worms
  2 dart slugs
  9 leopard geckos
  68 orcs
  5 bats
  6 giant cockroaches
  8 goblins
  6 hobgoblins (D:1)
  9 jackals
  7 quokkas
  2 ball pythons
  A ball python skeleton (D:5)
  9 frilled lizards
  2 hobgoblin skeletons (Ossuary)
  8 kobolds
  3 kobold zombies
  A leopard gecko zombie (D:8)
  3 orc zombies
  A quokka skeleton (D:4)
  9 rats
  6 fire vortices (Volcano)
  4 fungi
  7 plants
  3 tentacles (Shoals:1)
1365 creatures vanquished.

Vanquished Creatures (collateral kills)
  3 redbacks
  3 killer bees
6 creatures vanquished.

Vanquished Creatures (others)
  A wolf spider (Spider:4)
  A water elemental (Shoals:2)
  A white imp (IceCv)
  5 ufetubi (IceCv)
  An orc (Orc:2)
  8 fungi
  9 plants
  20 tentacles (Shoals:1)
46 creatures vanquished.

Grand Total: 1417 creatures vanquished

Notes
Turn   | Place    | Note
-------+----------+-------------------------------------------
     0 | D:1      | DildoBatman the Formicid Wizard began the quest for the
                  | Orb.
     0 | D:1      | Reached XP level 1. HP: 13/13 MP: 4/4
    40 | D:1      | Reached skill level 1 in Conjurations
   428 | D:1      | Reached XP level 2. HP: 16/19 MP: 0/6
   654 | D:1      | Reached XP level 3. HP: 21/24 MP: 0/7
  1360 | D:2      | Reached XP level 4. HP: 27/30 MP: 6/8
  1409 | D:2      | Learned a level 3 spell: Conjure Flame
  1413 | D:2      | Learned a level 3 spell: Mephitic Cloud
  1663 | D:2      | Reached XP level 5. HP: 15/35 MP: 3/9
  2042 | D:2      | Found a basalt altar of Yredelemnul.
  2223 | D:2      | Reached XP level 6. HP: 41/41 MP: 6/10
  2525 | D:3      | Reached skill level 5 in Conjurations
  2620 | D:3      | Found a transporter.
  2620 | D:3      | Noticed kalagan's ghost (amateur GrEE)
  3022 | D:3      | Found a transporter.
  3230 | D:4      | Noticed an ogre
  3255 | D:4      | Killed an ogre
  3255 | D:4      | Reached XP level 7. HP: 43/46 MP: 5/11
  3308 | D:4      | Reached skill level 1 in Fire Magic
  3337 | D:4      | Reached skill level 1 in Air Magic
  3509 | D:4      | Reached XP level 8. HP: 19/52 MP: 2/12
  3978 | D:4      | Noticed Natasha
  4185 | D:4      | Noticed Blork the orc
  4377 | D:5      | Entered Level 5 of the Dungeon
  4386 | D:5      | Noticed Eustachio
  4517 | D:5      | Found a sand-covered staircase.
  4677 | Ossuary  | Entered an ossuary
  4857 | Ossuary  | Noticed a wraith
  4857 | Ossuary  | Noticed a flying skull
  4868 | Ossuary  | Noticed a flying skull
  4872 | Ossuary  | Noticed a wraith
  5016 | Ossuary  | Killed a wraith
  5109 | Ossuary  | Noticed a flying skull
  5171 | Ossuary  | Reached skill level 5 in Fire Magic
  5192 | Ossuary  | Noticed a wraith
  5242 | Ossuary  | Killed a wraith
  5242 | Ossuary  | Reached XP level 9. HP: 42/57 MP: 0/13
  5357 | Ossuary  | Reached skill level 5 in Air Magic
  5632 | D:5      | Reached skill level 1 in Shields
  6260 | D:5      | Found a sacrificial altar of Ru.
  6346 | D:6      | Found Puntevve's Armour Emporium.
  6488 | D:7      | Found a staircase to the Ecumenical Temple.
  6498 | Temple   | Entered the Ecumenical Temple
  6569 | D:7      | Got an encrusted scythe
  6784 | D:7      | Identified the +8 scythe of Duty {freeze, Dex+2} (You found
                  | it on level 7 of the Dungeon)
  7048 | D:7      | Reached skill level 5 in Spellcasting
  7374 | D:7      | Found a snail-covered altar of Cheibriados.
  7829 | D:6      | Found a white marble altar of Elyvilon.
  7845 | D:6      | Found a hazy altar of Hepliaklqana.
  7981 | D:8      | You fall through a shaft!
  8061 | D:9      | Noticed a hippogriff
  8067 | D:9      | Killed a hippogriff
  8067 | D:9      | Reached XP level 10. HP: 56/63 MP: 13/22
  8080 | D:9      | Reached skill level 1 in Fighting
  8226 | D:9      | Found a radiant altar of Vehumet.
  8278 | D:9      | Found a staircase to the Lair.
  8312 | D:8      | Noticed Erica
  8647 | D:9      | Reached skill level 5 in Shields
  8837 | D:10     | Entered Level 10 of the Dungeon
  8929 | D:10     | Noticed a stone giant
  8930 | D:10     | Noticed a fire dragon
  9079 | D:8      | Found an ancient bone altar of Kikubaaqudgha.
  9085 | D:8      | Became a worshipper of Kikubaaqudgha
  9131 | D:8      | Reached skill level 1 in Necromancy
  9194 | D:8      | Killed Erica
  9468 | D:8      | Reached XP level 11. HP: 64/76 MP: 11/23
  9493 | D:8      | Noticed a three-headed hydra
  9505 | D:8      | Killed a one-headed hydra
  9630 | D:8      | Found a glowing golden altar of the Shining One.
  9968 | D:6      | Reached * piety under Kikubaaqudgha
  9968 | D:6      | Identified Kikubaaqudgha's Guide on Dark Arts
                  | (Kikubaaqudgha gifted it to you on level 6 of the Dungeon)
  9968 | D:6      | Received a gift from Kikubaaqudgha
  9980 | D:6      | Reached skill level 5 in Necromancy
 10010 | D:6      | Learned a level 2 spell: Sublimation of Blood
 10014 | D:6      | Learned a level 3 spell: Regeneration
 10119 | D:6      | Reached skill level 1 in Charms
 10374 | D:4      | Killed Eustachio
 10414 | D:3      | Killed Natasha
 10540 | D:3      | Noticed Natasha
 10543 | D:3      | Killed Natasha
 10558 | D:3      | Killed Blork the orc
 10616 | D:3      | Noticed Natasha
 10621 | D:3      | Killed Natasha
 11509 | D:10     | Identified the +1 robe of Botiecosagh {Int+3}
 11527 | D:10     | Reached ** piety under Kikubaaqudgha
 11800 | D:10     | Noticed a two-headed ogre
 11874 | D:9      | Killed a two-headed ogre
 11938 | D:10     | Reached XP level 12. HP: 73/83 MP: 20/24
 11953 | D:10     | Found a staircase to the Orcish Mines.
 12001 | D:10     | Killed a stone giant
 12043 | D:10     | Reached *** piety under Kikubaaqudgha
 12043 | D:10     | Identified Kikubaaqudgha's Incunabulum of Black Secrets
                  | (Kikubaaqudgha gifted it to you on level 10 of the Dungeon)
 12043 | D:10     | Received a gift from Kikubaaqudgha
 12062 | D:10     | Learned a level 5 spell: Borgnjor's Vile Clutch
 12068 | D:10     | Learned a level 5 spell: Dispel Undead
 12390 | D:10     | Reached skill level 1 in Earth Magic
 12396 | D:10     | Found an iron altar of Okawaru.
 12396 | D:10     | Found a snail-covered altar of Cheibriados.
 12705 | D:11     | Identified the Guide on the Cankerous Traveller
 12954 | D:11     | Reached skill level 5 in Earth Magic
 13021 | D:11     | Noticed a wizard
 13034 | D:11     | Killed a wizard
 13143 | D:11     | Noticed Erolcha
 13158 | D:11     | Killed Erolcha
 13750 | D:10     | Killed a fire dragon
 13802 | Orc:1    | Entered Level 1 of the Orcish Mines
 13828 | Orc:1    | Found a runed translucent gate.
 13828 | Orc:1    | Found a runed translucent gate.
 13829 | Orc:1    | Found a runed translucent gate.
 13829 | Orc:1    | Noticed H0rd4k's ghost (journeyman HuAr)
 13885 | Orc:1    | Killed H0rd4k's ghost
 13942 | Orc:1    | Reached **** piety under Kikubaaqudgha
 14156 | Orc:1    | Found a deep blue altar of Sif Muna.
 14179 | Orc:1    | Identified Sif Muna's Handbook of Transmutation
 14264 | Orc:2    | Entered Level 2 of the Orcish Mines
 14264 | Orc:2    | Found a staircase to the Elven Halls.
 14327 | Orc:2    | Noticed an orc warlord
 14443 | Orc:1    | Killed an orc warlord
 14443 | Orc:1    | Reached XP level 13. HP: 67/88 MP: 5/25
 14568 | Orc:2    | Noticed Urug
 14642 | Orc:1    | Reached skill level 1 in Armour
 14642 | Orc:1    | Reached skill level 10 in Necromancy
 14672 | Orc:1    | Reached skill level 10 in Earth Magic
 14804 | Orc:2    | Reached skill level 5 in Fighting
 14890 | Orc:2    | Found Xipent's General Store.
 14894 | Orc:2    | Reached skill level 5 in Dodging
 14909 | Orc:2    | Bought a scroll of enchant armour for 112 gold pieces
 14909 | Orc:2    | Bought a scroll of identify for 30 gold pieces
 14909 | Orc:2    | Bought a scroll of identify for 30 gold pieces
 14936 | Orc:2    | Found Qyfor's Antique Weapon Boutique.
 14968 | Orc:2    | Found Cadimm's Food Emporium.
 15042 | Orc:2    | Found Binijant's Book Shop.
 15100 | Orc:2    | Killed Urug
 15214 | Orc:2    | Found Ziek's Book Shoppe.
 15232 | Orc:2    | Found Rihoh's Antique Armour Emporium.
 15240 | Orc:2    | Bought a pair of runed boots for 157 gold pieces
 15470 | Orc:1    | Noticed Maurice
 15489 | Orc:1    | Killed Maurice
 15516 | Orc:1    | Gained mutation: Potions are less effective at restoring
                  | your health. [potion of mutation]
 15516 | Orc:1    | Gained mutation: Scrolls take you a little longer to read.
                  | [potion of mutation]
 15516 | Orc:1    | Gained mutation: You occasionally shout uncontrollably at
                  | your foes. [potion of mutation]
 15516 | Orc:1    | Gained mutation: Your mind is acute. (Int +2) [potion of
                  | mutation]
 15601 | Orc:1    | Reached ***** piety under Kikubaaqudgha
 15933 | D:12     | Reached skill level 5 in Armour
 16794 | D:3      | Killed kalagan's ghost
 16814 | D:3      | You fall through a shaft for 2 floors!
 16818 | D:5      | You fall through a shaft for 3 floors!
 16822 | D:8      | You fall through a shaft for 2 floors!
 16965 | D:13     | Reached XP level 14. HP: 79/103 MP: 21/26
 17104 | D:13     | Found a gate to the Vaults.
 17547 | D:13     | Reached skill level 10 in Shields
 17759 | D:13     | Reached ****** piety under Kikubaaqudgha
 17760 | D:13     | Received a gift from Kikubaaqudgha
 17766 | D:13     | Fell from the grace of Kikubaaqudgha
 17893 | Temple   | Became a worshipper of Gozag Ym Sagoz the Greedy
 17955 | Lair:1   | Entered Level 1 of the Lair of Beasts
 18102 | Lair:1   | You fall through a shaft!
 19249 | Lair:1   | Noticed Gastronok
 19264 | Lair:1   | Killed Gastronok
 19782 | Lair:3   | Reached XP level 15. HP: 97/112 MP: 19/27
 19955 | Lair:3   | Found a hole to the Spider Nest.
 20271 | Lair:3   | Found a runed translucent door.
 20423 | Lair:3   | Found a staircase to the Shoals.
 20794 | Lair:3   | Noticed Sargh's ghost (journeyman DEFE)
 20801 | Lair:3   | Killed Sargh's ghost
 20866 | Lair:3   | Identified a scroll of acquirement
 20937 | Lair:4   | Got a steaming falchion
 20938 | Lair:4   | Identified the +8 falchion of Fixation {chaos, rPois Str+2
                  | Dex-4} (You found it on level 4 of the Lair of Beasts)
 21006 | Lair:4   | Noticed Nergalle
 21021 | Lair:4   | Killed Nergalle
 21053 | Lair:4   | Lost mutation: You occasionally shout uncontrollably at
                  | your foes. [potion of mutation]
 21053 | Lair:4   | Lost mutation: Your mind is acute. (Int +2) [potion of
                  | mutation]
 21053 | Lair:4   | Gained mutation: Your muscles are strong. (Str +2) [potion
                  | of mutation]
 21053 | Lair:4   | Gained mutation: Your magical capacity is low. (-10% MP)
                  | [potion of mutation]
 21053 | Lair:4   | Gained mutation: You passively map a small area around you.
                  | [potion of mutation]
 21053 | Lair:4   | Gained mutation: Your flesh is heat resistant. (rF+)
                  | [potion of mutation]
 21778 | Lair:5   | Found a transporter.
 21783 | Lair:5   | Identified the +3 trident "Muneu" {venom, +Blink}
 21787 | Lair:5   | Found a transporter.
 21793 | Lair:5   | Found a bloodstained altar of Trog.
 21793 | Lair:5   | Noticed Emblim88's ghost (journeyman TrBe)
 21876 | Lair:5   | Reached skill level 15 in Shields
 22208 | Lair:5   | Was forgiven by Kikubaaqudgha
 22965 | Lair:5   | Killed Emblim88's ghost
 23102 | Lair:6   | Entered Level 6 of the Lair of Beasts
 23129 | Lair:6   | Found a gate leading to a gauntlet.
 23145 | Gauntlet | Entered a Gauntlet
 23145 | Gauntlet | Found a transporter.
 23145 | Gauntlet | Found a transporter.
 23145 | Gauntlet | Found a transporter.
 23147 | Gauntlet | Found a transporter.
 23149 | Gauntlet | Found a transporter.
 23149 | Gauntlet | Found a transporter.
 23159 | Gauntlet | Found a transporter.
 23162 | Gauntlet | Found a transporter.
 23163 | Gauntlet | Found a transporter.
 23166 | Gauntlet | Found a transporter.
 23176 | Gauntlet | Found a transporter.
 23190 | Gauntlet | Found a transporter.
 23335 | Gauntlet | Gained mutation: You are frail. (-10% HP) [a neqoxec]
 23393 | Gauntlet | Identified the Papyrus of Sinister Magic
 23457 | Gauntlet | Reached skill level 10 in Fighting
 23468 | Gauntlet | Got a warped cloak
 23490 | Lair:6   | Found a runed translucent door.
 23491 | Lair:6   | Found a viscous altar of Jiyva.
 23491 | Lair:6   | Noticed an acid blob
 23498 | Lair:6   | Found a dark tunnel.
 23502 | Volcano  | Entered a volcano
 23534 | Volcano  | Identified the +2 cloak of Monotheism {Dex+4 Slay+4} (You
                  | found it in a Gauntlet)
 23879 | Lair:6   | Reached XP level 16. HP: 106/109 MP: 8/25
 23983 | Lair:6   | Reached skill level 10 in Armour
 24564 | Lair:6   | Found a runed translucent door.
 24861 | Lair:6   | Noticed an acid blob
 24867 | Lair:6   | Found a staircase to the Slime Pits.
 25888 | D:14     | Found an opulent altar of Gozag.
 25889 | D:14     | Found Gozag's Platinum Reserve.
 26007 | D:14     | Found a shadowy altar of Dithmenos.
 26077 | D:14     | Noticed Roxanne
 26110 | D:14     | Killed Roxanne
 26199 | D:14     | Reached skill level 10 in Spellcasting
 26484 | D:15     | Entered Level 15 of the Dungeon
 26768 | D:15     | Reached XP level 17. HP: 115/115 MP: 5/28
 27191 | D:15     | Found a staircase to the Depths.
 27553 | Spider:1 | Entered Level 1 of the Spider Nest
 29243 | Spider:3 | Found a frozen archway.
 29255 | IceCv    | Entered an ice cave
 29811 | IceCv    | Noticed an Ice Fiend
 29898 | IceCv    | Killed an Ice Fiend
 30209 | Spider:3 | Lost mutation: Scrolls take you a little longer to read.
                  | [potion of mutation]
 30209 | Spider:3 | Lost mutation: Your muscles are strong. (Str +2) [potion of
                  | mutation]
 30209 | Spider:3 | Gained mutation: You do not regenerate when monsters are
                  | visible. [potion of mutation]
 30209 | Spider:3 | Gained mutation: You are partially covered in icy blue
                  | scales. (AC +2) [potion of mutation]
 30209 | Spider:3 | Gained mutation: You are mostly covered in icy blue scales.
                  | (AC +3) [potion of mutation]
 30209 | Spider:3 | Gained mutation: Your spells are a little harder to cast,
                  | but a little more powerful. [potion of mutation]
 30328 | Spider:3 | Reached XP level 18. HP: 26/120 MP: 13/32
 30412 | Spider:3 | Learned a level 5 spell: Bolt of Draining
 30415 | Spider:3 | Bought a scroll labeled OPIMA CUVELIFI for 39 gold pieces
 30415 | Spider:3 | Bought a scroll labeled OPIMA CUVELIFI for 39 gold pieces
 30415 | Spider:3 | Bought a potion of heal wounds for 195 gold pieces
 30417 | Spider:3 | Bought a blackened cloak for 209 gold pieces
 30427 | Spider:3 | Identified the +5 cloak "Veptischo" {rPois Stlth+} (You
                  | bought it in a shop on level 3 of the Spider Nest)
 30825 | Spider:3 | Bought a potion of curing for 51 gold pieces
 30825 | Spider:3 | Bought a potion of curing for 51 gold pieces
 30825 | Spider:3 | Bought a potion of curing for 51 gold pieces
 30825 | Spider:3 | Bought a potion of curing for 51 gold pieces
 30825 | Spider:3 | Bought a potion of ambrosia for 136 gold pieces
 30825 | Spider:3 | Bought a potion of brilliance for 68 gold pieces
 30825 | Spider:3 | Bought a potion of agility for 68 gold pieces
 30825 | Spider:3 | Bought a potion of agility for 68 gold pieces
 30825 | Spider:3 | Bought a potion of might for 68 gold pieces
 30827 | Spider:4 | Entered Level 4 of the Spider Nest
 30894 | Spider:4 | Reached skill level 15 in Spellcasting
 32688 | Spider:4 | Got a gossamer rune of Zot
 32768 | Spider:4 | Reached XP level 19. HP: 121/126 MP: 24/35
 32948 | Shoals:1 | Entered Level 1 of the Shoals
 33335 | Shoals:1 | You are sucked into a shaft!
 33418 | Shoals:2 | Noticed Polyphemus
 33470 | Shoals:2 | Killed Polyphemus
 33788 | Shoals:2 | Noticed Ilsuiw
 33799 | Shoals:2 | Reached skill level 15 in Necromancy
 33800 | Shoals:2 | Killed Ilsuiw
 35417 | Shoals:3 | Noticed Donald
 35427 | Shoals:3 | Slain by Donald

Skill      XL: |  1  2  3  4  5  6  7  8  9 10 11 12 13 14 15 16 17 18 19 |
---------------+----------------------------------------------------------+-----
Conjurations   | 1 2 3 4 6 |  6.2
Fire Magic     | 2 5 |  5.0
Air Magic      | 2 4 5 |  5.0
Spellcasting   | 8 10 14 16 | 16.0
Shields        | 3 6 9 12 15 | 15.0
Dodging        | 3 6 7 8 |  8.0
Fighting       | 3 7 8 10 | 10.0
Necromancy     | 4 7 9 10 11 12 13 16 | 16.1
Charms         | 4 |  4.0
Earth Magic    | 9 10 12 | 12.0
Armour         | 6 7 9 10 | 10.0
Stealth        | |  2.4
Summonings     | |  1.0
Translocations | |  0.8

Action                   |  1- 3 |  4- 6 |  7- 9 | 10-12 | 13-15 | 16-18 | 19-21 || total
-------------------------+-------+-------+-------+-------+-------+-------+-------++-------
Melee: Unarmed           |     9 |       |       |       |       |       |       ||     9
       Short sword       |    39 |       |       |       |       |       |       ||    39
       Dagger            |    10 |    92 |   155 |       |       |       |       ||   257
       Spear             |       |       |   332 |       |       |       |       ||   332
       Scythe            |       |       |    41 |   477 |   705 |   703 |    98 ||  2024
       Scimitar          |       |       |       |     3 |     1 |       |       ||     4
 Fire: Shortbow          |       |       |       |       |     5 |       |       ||     5
 Cast: Magic Dart        |    73 |    76 |    59 |    20 |    44 |       |       ||   272
       Mephitic Cloud    |       |    14 |    35 |    80 |    60 |    59 |    25 ||   273
       Conjure Flame     |       |     1 |    38 |    51 |    89 |    73 |     5 ||   257
       Regeneration      |       |       |       |    20 |    42 |    72 |    25 ||   159
       Borgnjor's Vile C |       |       |       |    26 |   136 |   219 |    74 ||   455
       Sublimation of Bl |       |       |       |    12 |    34 |    76 |    19 ||   141
       Dispel Undead     |       |       |       |     5 |     7 |    12 |       ||    24
       Bolt of Draining  |       |       |       |       |       |       |    10 ||    10
Invok: Receive Necronomi |       |       |       |       |     1 |       |       ||     1
       Renounce Religion |       |       |       |       |     1 |       |       ||     1
       Call Merchant     |       |       |       |       |       |     4 |       ||     4
 Abil: Dig               |     1 |     4 |    11 |    37 |    41 |    29 |     6 ||   129
       Shaft Self        |       |       |       |       |     3 |       |       ||     3
Evoke: Wand              |       |       |       |     2 |     3 |     3 |       ||     8
       Sack of spiders   |       |       |       |       |     1 |       |       ||     1
       Lamp of fire      |       |       |       |       |       |     1 |       ||     1
  Use: Scroll            |       |     4 |     9 |     8 |    16 |     5 |       ||    42
       Potion            |       |       |     2 |     2 |     4 |     5 |     2 ||    15
 Stab: Confused          |       |     6 |    15 |    23 |    14 |    22 |     4 ||    84
       Sleeping          |       |     1 |     2 |     3 |     2 |     3 |       ||    11
       Distracted        |       |       |       |       |     5 |    13 |       ||    18
       Invisible         |       |       |       |       |       |     1 |     2 ||     3
  Eat: Chunk             |    19 |     7 |    21 |    26 |    44 |       |       ||   117
       Ration            |       |       |       |       |    11 |    18 |     4 ||    33
Armor: Robe              |    42 |    26 |    65 |   113 |     2 |       |       ||   248
       Troll leather arm |       |       |       |       |   237 |   337 |    46 ||   620
Dodge: Dodged            |    90 |    48 |   153 |   253 |   487 |   589 |   105 ||  1725
       Deflected         |       |       |       |     9 |     3 |       |       ||    12
Block: Buckler           |       |       |    15 |    42 |       |       |       ||    57
       Shield            |       |       |       |   160 |   275 |       |       ||   435
       Large shield      |       |       |       |       |   379 |   991 |   149 ||  1519
